 Dungeon Crawl Stone Soup version 0.28.0-53-g5a82cb258f (webtiles) character file.

Game seed: 4502134271312770958

44 MiltankisOP the Cudgeller (level 3, -7/23 HPs)
             Began as a Gargoyle Fighter on June 14, 2022.
             Was a Believer of Lugonu.
             Killed by divine providence
             ... invoked by an orc priest
              (10 damage)
             ... on level 2 of the Dungeon.
             The game lasted 00:01:32 (1130 turns).

MiltankisOP the Cudgeller (Gargoyle Fighter)        Turns: 1130, Time: 00:01:33

Health: -7/23      AC: 10    Str: 21    XL:     3   Next: 62%
Magic:  3/3        EV:  9    Int:  8    God:    Lugonu [**....]
Gold:   64         SH:  4    Dex:  9    Spells: 2/2 levels left

rFire   . . .      SeeInvis .   a - +0 flail
rCold   . . .      Faith    .   c - +0 buckler
rNeg    + . .      Spirit   .   b - +0 scale mail
rPois   ∞          Reflect  .   (no helmet)
rElec   +          Harm     .   (no cloak)
rCorr   .          Rampage  .   (no gloves)
Will    .....                   (no boots)
Stlth   ..........              (no amulet)
HPRegen 0.07/turn               (no ring)
MPRegen 0.08/turn               (no ring)

@: no status effects
A: sickness immunity, AC +3, negative energy resistance 1, electricity
resistance, torment resistance 1, petrification resistance
a: Renounce Religion, Depart the Abyss, Bend Space


You were on level 2 of the Dungeon.
You worshipped Lugonu.
Lugonu was pleased with you.
You visited 1 branch of the dungeon, and saw 2 of its levels.

You collected 64 gold pieces.

Inventory:

Hand Weapons
 a - a +0 flail (weapon)
Armour
 b - a +0 scale mail (worn)
 c - a +0 buckler (worn)
Scrolls
 g - a scroll of teleportation {unknown}
 i - a scroll of magic mapping {unknown}
 j - a scroll of immolation {unknown}
Potions
 d - a potion of might
 e - a potion of attraction {unknown}
 f - a potion of flight {unknown}
 h - a potion of haste {unknown}


   Skills:
 - Level 3.2 Fighting
 + Level 3.9 Maces & Flails
 - Level 3.2 Armour
 - Level 3.2 Shields


You had 2 spell levels left.
You didn't know any spells.
Your spell library was empty.

Dungeon Overview and Level Annotations

Branches:
Dungeon (2/15)

Altars:
Lugonu


Innate Abilities, Weirdness & Mutations

You are immune to sickness and miasma.
Your stone body is resilient. (AC +3)
You are immune to poison.
You resist negative energy. (rN+)
You are resistant to electric shocks. (rElec)
You are resistant to unholy torment.
You are immune to petrification.


Message History

You hit the orc priest.
The orc priest is moderately wounded.
The orc priest hits you but does no damage.
The orc priest barely misses you.
You hit the orc priest but do no damage.
The orc priest is moderately wounded.
The orc hits you but does no damage.
The orc priest hits you with a +0 short sword.
You closely miss the orc priest.
The orc priest is moderately wounded.
The orc closely misses you.
The orc priest hits you but does no damage.
The orc hits you but does no damage.
You barely miss the orc priest.
The orc priest is moderately wounded.
The orc priest hits you with a +0 short sword.
The orc barely misses you.
You hit the orc priest but do no damage.
The orc priest is moderately wounded.
The orc priest closely misses you. The orc barely misses you.
You hit the orc priest but do no damage.
The orc priest is moderately wounded.
The orc priest hits you with a +0 short sword.
The orc closely misses you. The orc priest closely misses you.
You hit the orc priest but do no damage.
The orc priest is moderately wounded.
The orc hits you but does no damage.
The orc priest mumbles some strange prayers to Beogh against you.
Beogh smites you!
Ouch! That really hurt!
* * * LOW HITPOINT WARNING * * *
You closely miss the orc priest.
The orc priest is lightly wounded.
You block the orc's attack. The orc priest barely misses you.
The orc hits you but does no damage.
You hit the orc priest.
The orc priest is heavily wounded.
The orc priest mumbles some strange prayers to Beogh against you.
Beogh smites you!
You die...

.. #.# #.##.#.# ..#.#.#
## #.#.#.# .#.# #.#.#.#
.#.######## #...#.#
.#.#......# ##..#.# .
..........# #oo#.##....
..........#####.@........
.....♣.♣.................
..................###....
.....♣.♣.♣........# ...
†...##............# #
....#♣#♣#♣........#####
.......................
....#####.........#####
.#..# #.........#


You could see an orc priest and an orc.

Vanquished Creatures
  An adder (D:2)
  2 dart slugs (D:1)
  An orc (D:2)
  2 ball pythons (D:1)
  2 endoplasms (D:2)
  A giant cockroach (D:1)
  2 goblins
  2 hobgoblins (D:1)
  A kobold (D:1)
  3 quokkas (D:1)
  5 bats
  A frilled lizard (D:1)
  5 rats
28 creatures vanquished.

Notes
Turn   | Place    | Note
-------+----------+-------------------------------------------
     0 | D:1      | MiltankisOP the Gargoyle Fighter began the quest for the
                  | Orb.
     0 | D:1      | Reached XP level 1. HP: 14/14 MP: 1/1
   302 | D:1      | Reached XP level 2. HP: 11/19 MP: 2/2
   693 | D:1      | Found a faded altar of an unknown god.
   698 | D:1      | Reached XP level 3. HP: 21/23 MP: 3/3
   704 | D:1      | Prayed at the altar of an unknown god.
   704 | D:1      | Became a worshipper of Lugonu the Unformed
   704 | D:1      | Reached * piety under Lugonu
   704 | D:1      | Reached ** piety under Lugonu
  1130 | D:2      | Killed from afar by an orc priest

Illustrated notes

Levels and vault maps discovered:
D:1:      dpeg_arrival_rooms_b, layout_loops_ring,
          shapermc_ecumenical_altar_pompeii, minmay_misc_feat_tiny
D:2:      layout_basic, serial_forest, infiniplex_forest_end_3,
          infiniplex_forest_clump_tiny, infiniplex_forest_clump_small,
          infiniplex_forest_lined_corner, infiniplex_forest_clump_medium,
          infiniplex_forest_clump_C

Skill      XL: |  1  2 |
---------------+-------+-----
Maces & Flails | 3 |  3.9
Fighting       | |  3.2
Armour         | |  3.2
Shields        | |  3.2

Action                   || total
-------------------------++-------
Melee: Flail             ||    94
Armor: Scale mail        ||    53
Dodge: Dodged            ||    49
Block: Buckler           ||    16
